[Event "Titled Tuesday Blitz July 20 2021"]
[White "Khusnutdinov, Rustam"]
[Black "Trent, Lawrence"]
[WhiteFideId "13701703"]
[BlackFideId "408638"]
[WhiteElo "2571"]
[BlackElo "2474"]
[Result "1-0"]
[Round "11"]
[TimeControl "180+1"]
[Date "2021.07.20"]
[WhiteClock "0:01:52"]
[BlackClock "0:00:52"]

1. e4 c5 2. Nf3 Nc6 3. Bb5 g6 4. O-O Bg7 5. c3 e5 6. d4 exd4 7. cxd4 cxd4 8. Bf4 Nge7 9. Bd6 O-O 10. Nbd2 a6 11. Ba4 b5 12. Bb3 Na5 13. Rc1 Ra7 14. Bd5 Nxd5 15. exd5 Re8 16. Qc2 Qf6 17. Qxc8 Ra8 18. Qc7 Nb7 19. Bg3 1-0


[Site "https://www.chess.com"]

[Event "Titled Tuesday Blitz July 20 2021"]
[White "Kilpatrick, Callum"]
[Black "Semenova, Elena"]
[WhiteFideId "414425"]
[BlackFideId "24125148"]
[WhiteElo "2457"]
[BlackElo "2075"]
[Result "1-0"]
[Round "11"]
[TimeControl "180+1"]
[Date "2021.07.21"]
[WhiteClock "0:00:19"]
[BlackClock "0:00:14"]

1. e4 e5 2. Nf3 Nc6 3. d4 exd4 4. Nxd4 Nf6 5. Nc3 Bb4 6. Nxc6 bxc6 7. Bd3 O-O 8. O-O d6 9. Bg5 h6 10. Bh4 g5 11. Bg3 a5 12. a3 Bc5 13. Kh1 Bg4 14. f3 Bh5 15. Qd2 Bg6 16. Rae1 Nh5 17. Bf2 Bxf2 18. Qxf2 Qf6 19. e5 dxe5 20. Bxg6 Qxg6 21. Rxe5 Rfe8 22. Rxe8+ Rxe8 23. Rd1 Nf4 24. Ne4 f5 25. Nc5 Qf6 26. Re1 Rd8 27. h4 Qxb2 28. Ne6 Nxe6 29. Rxe6 Qc1+ 30. Kh2 Qf4+ 31. Qg3 Qxg3+ 32. Kxg3 Rd6 33. Re5 Rd2 34. Rc5 gxh4+ 35. Kh3 Rd6 36. Rxa5 Kg7 37. Rxf5 Kg6 38. Rc5 Kf6 39. Kxh4 Kg6 40. g4 Re6 41. Kg3 Rd6 42. a4 Kf6 43. a5 Ke6 44. Kh4 Rd8 45. Rxc6+ Kd5 46. Rxc7 1-0


[Site "https://www.chess.com"]

[Event "Titled Tuesday Blitz July 20 2021"]
[White "Kim, Sergey"]
[Black "Hryshchenko, Kamila"]
[WhiteFideId "13700570"]
[BlackFideId "14147491"]
[WhiteElo "2499"]
[BlackElo "1966"]
[Result "0-1"]
[Round "11"]
[TimeControl "180+1"]
[Date "2021.07.21"]
[WhiteClock "0:00:08"]
[BlackClock "0:00:07"]

1. d4 g6 2. c4 d6 3. Nc3 Bg7 4. e4 c6 5. Nge2 e5 6. d5 Ne7 7. h4 h5 8. Bg5 f6 9. Be3 Bh6 10. Bxh6 Rxh6 11. Qd2 Rh7 12. Ng3 Na6 13. Be2 cxd5 14. cxd5 Nc5 15. b4 Nd7 16. a3 Kf7 17. O-O Kg8 18. Nb5 Nf8 19. Rac1 a6 20. Nc3 Bd7 21. Qe3 Rg7 22. f4 Be8 23. fxe5 fxe5 24. Qh6 Bd7 25. Rf2 Rh7 26. Qg5 Rg7 27. Rcf1 Nh7 28. Qh6 Kh8 29. Rf7 Qg8 30. R7f2 Rc8 31. Nd1 Qe8 32. Ne3 Ng8 33. Qxg7+ Kxg7 34. Bxh5 gxh5 35. Nef5+ Bxf5 36. Nxf5+ Kh8 37. Nxd6 Qd7 38. Nf7+ Kg7 39. Nxe5 Qd6 40. Rf7+ Kh8 41. R1f5 Nh6 42. R7f6 Nxf6 43. Ng6+ Kh7 44. Nf4 Nxe4 45. Nxh5 Nxf5 0-1


[Site "https://www.chess.com"]

[Event "Titled Tuesday Blitz July 20 2021"]
[White "Kobalia, Mikhail"]
[Black "Arabidze, Meri"]
[WhiteFideId "4119150"]
[BlackFideId "13604040"]
[WhiteElo "2569"]
[BlackElo "2432"]
[Result "1-0"]
[Round "11"]
[TimeControl "180+1"]
[Date "2021.07.20"]
[WhiteClock "0:01:00"]
[BlackClock "0:00:02"]

1. e4 c5 2. Nf3 e6 3. g3 Nc6 4. Bg2 Nf6 5. Qe2 d6 6. O-O Be7 7. c3 O-O 8. Rd1 Bd7 9. d4 cxd4 10. cxd4 d5 11. e5 Ne4 12. Ne1 Rc8 13. Be3 h6 14. f3 Ng5 15. Nc3 Na5 16. Nd3 Nc4 17. Bf2 b5 18. b3 Na3 19. Rdc1 b4 20. Nd1 Bb5 21. Qd2 a5 22. N1b2 Bxd3 23. Nxd3 Nb5 24. Nf4 Rc3 25. a4 bxa3 26. Rxc3 Bb4 27. Ne2 Nxc3 28. Nxc3 Qc7 29. Be1 Rc8 30. Rc1 Qb6 31. Qd1 a2 32. Nxa2 Rxc1 33. Nxc1 Bxe1 34. Qxe1 Qxd4+ 35. Kh1 Qb2 36. h4 Nh7 37. Bf1 Nf8 38. Nd3 Qxb3 39. Qxa5 Qd1 40. Kg2 h5 41. Qd8 Qd2+ 42. Nf2 Qe3 43. f4 g6 44. Bb5 d4 45. Qe7 d3 46. Be8 d2 47. Qxf7+ 1-0


[Site "https://www.chess.com"]

[Event "Titled Tuesday Blitz July 20 2021"]
[White "Kretov, Evgenij"]
[Black "Arnold, Ken"]
[WhiteFideId "4167821"]
[BlackFideId "2056836"]
[WhiteElo "2400"]
[BlackElo "2529"]
[Result "1-0"]
[Round "11"]
[TimeControl "180+1"]
[Date "2021.07.20"]
[WhiteClock "0:00:25"]
[BlackClock "0:00:05"]

1. d4 Nf6 2. c4 e6 3. Nc3 d5 4. cxd5 exd5 5. Bg5 c6 6. e3 Bf5 7. Qf3 Bg6 8. Bxf6 gxf6 9. h4 Qb6 10. Qe2 h5 11. Nh3 Bh6 12. Nf4 Bxf4 13. exf4+ Kf8 14. Qd2 Nd7 15. Be2 Re8 16. O-O Kg7 17. a3 Be4 18. b4 Nf8 19. f3 Bf5 20. g3 Ng6 21. g4 Bc8 22. f5 Nxh4 23. Kf2 hxg4 24. fxg4 Qc7 25. Rh1 Nxf5 26. gxf5 Rh2+ 27. Kf3 Reh8 28. Rag1+ Kf8 29. Rxh2 Qxh2 30. Qe1 Bxf5 31. Rg3 Rh4 32. Ke3 Rh3 33. Rxh3 Qxh3+ 34. Kd2 Qh6+ 35. Kd1 Qe3 36. Bf1 Qxd4+ 37. Kc1 a5 38. bxa5 Qc5 39. Kb2 Qxa5 40. Qe3 Qc7 41. Qc5+ Qe7 42. Qf2 Qe5 43. Kb3 Be6 44. Kc2 b5 45. Bd3 Ke7 46. Ne2 Qd6 47. Qa7+ Bd7 48. Nd4 1-0


[Site "https://www.chess.com"]

[Event "Titled Tuesday Blitz July 20 2021"]
[White "Krivonosov, Oleg"]
[Black "Buchenau, Frank"]
[WhiteFideId "11600349"]
[BlackFideId "4604350"]
[WhiteElo "2469"]
[BlackElo "2255"]
[Result "1-0"]
[Round "11"]
[TimeControl "180+1"]
[Date "2021.07.21"]
[WhiteClock "0:00:20"]
[BlackClock "0:00:11"]

1. Nf3 Nf6 2. c4 e6 3. g3 b6 4. Bg2 Bb7 5. O-O Be7 6. Nc3 O-O 7. d4 Ne4 8. Nxe4 Bxe4 9. Nh4 f5 10. Bxe4 fxe4 11. Ng2 d5 12. Qc2 Qd7 13. Be3 Nc6 14. Rac1 Rac8 15. cxd5 Nb4 16. Qxe4 exd5 17. Qb1 c5 18. a3 Nc6 19. dxc5 d4 20. Bd2 bxc5 21. Nf4 Kh8 22. Qe4 Bd6 23. Qe6 Qc7 24. b4 Rce8 25. Qd5 Re5 26. Qg2 Qb6 27. bxc5 Bxc5 28. Nd3 Rxe2 29. Rxc5 Rxd2 30. Rxc6 Qb5 31. Nf4 Qb2 32. Ne6 Re8 33. Qd5 d3 34. Qd7 Rg8 35. Rc8 h6 36. Nf4 Rxc8 37. Qxc8+ Kh7 38. Qf5+ Kg8 39. Nxd3 Qc2 40. Qe6+ Kh7 41. Nf4 Rd1 42. Rxd1 Qxd1+ 43. Kg2 1-0


[Site "https://www.chess.com"]

[Event "Titled Tuesday Blitz July 20 2021"]
[White "Kubatko, Ivan"]
[Black "Hamley, Ryan"]
[WhiteFideId "24111473"]
[BlackFideId "30959497"]
[WhiteElo "2285"]
[BlackElo "2386"]
[Result "0-1"]
[Round "11"]
[TimeControl "180+1"]
[Date "2021.07.21"]
[WhiteClock "0:00:02"]
[BlackClock "0:01:09"]

1. e4 c5 2. Nc3 d6 3. d4 cxd4 4. Qxd4 Nc6 5. Bb5 Bd7 6. Bxc6 Bxc6 7. Be3 e5 8. Qd3 Nf6 9. O-O-O Be7 10. Nd5 Nxd5 11. exd5 Bd7 12. f4 exf4 13. Bd4 O-O 14. Nh3 Bxh3 15. gxh3 Bf6 16. Rhg1 Rc8 17. Rdf1 Be5 18. Kb1 Qf6 19. c3 Rfe8 20. Rg4 Bxd4 21. Rgxf4 Qg6 22. Qxg6 hxg6 23. Rxd4 Re2 24. Rdf4 f6 25. R4f2 Re3 26. Rg1 Kf7 27. Rg3 Re5 28. Rd2 Rc5 29. Rgd3 b5 30. Kc2 f5 31. Kb3 a5 32. a4 Re4 33. axb5 Rxb5+ 34. Kc2 Kf6 35. b3 a4 36. b4 Ke5 37. Kb2 f4 38. Ka3 Re3 39. Kxa4 Rxd3 40. Rxd3 Rxd5 41. Rxd5+ Kxd5 42. Kb3 f3 43. c4+ Kc6 0-1


[Site "https://www.chess.com"]

[Event "Titled Tuesday Blitz July 20 2021"]
[White "Kukhmazov, Arsen"]
[Black "Madaminov, Mukhiddin"]
[WhiteFideId "24108260"]
[BlackFideId "14210703"]
[WhiteElo "2453"]
[BlackElo "1747"]
[Result "1/2-1/2"]
[Round "11"]
[TimeControl "180+1"]
[Date "2021.07.20"]
[WhiteClock "0:01:45"]
[BlackClock "0:00:15"]

1. b3 Nf6 2. Bb2 g6 3. g3 Bg7 4. Bg2 O-O 5. c4 d6 6. Nf3 e5 7. d3 Nbd7 8. O-O Re8 9. Nc3 a5 10. a3 h5 11. h3 Nf8 12. Nd2 c6 13. b4 Be6 14. b5 Qd7 15. bxc6 bxc6 16. Qa4 Rec8 17. Kh2 d5 18. cxd5 cxd5 19. Qxd7 N8xd7 20. Rfc1 Rab8 21. Rab1 Bf8 22. Na4 Rxc1 23. Rxc1 d4 24. Nc4 Bxc4 25. Rxc4 Nb6 26. Nxb6 Rxb6 27. Bc1 Kg7 28. f4 Bd6 29. fxe5 Bxe5 30. Bf4 Bxf4 31. gxf4 Rb2 32. Bf3 Ra2 33. Ra4 h4 34. Rxa5 Nh5 35. Bxh5 gxh5 36. Re5 Rxa3 37. Kg2 f6 38. Rxh5 Kg6 39. Rxh4 Ra8 40. Kf3 Re8 41. Rg4+ Kf5 42. Kf2 Re3 43. Rg3 Re8 44. e3 dxe3+ 45. Rxe3 Rd8 46. Kf3 Rh8 47. Kg3 Rg8+ 48. Kf2 Kxf4 49. Rf3+ Ke5 50. Ke3 Rd8 51. h4 f5 52. Rh3 f4+ 53. Kf2 Kf5 54. Ke2 Kg4 55. Rh1 Kg3 56. Rg1+ Kxh4 57. Kf3 Rxd3+ 58. Kxf4 Kh3 1/2-1/2


[Site "https://www.chess.com"]

[Event "Titled Tuesday Blitz July 20 2021"]
[White "Lazavik, Denis"]
[Black "Vdovin, Vadim"]
[WhiteFideId "13515110"]
[BlackFideId "24107158"]
[WhiteElo "2436"]
[BlackElo "2406"]
[Result "1-0"]
[Round "11"]
[TimeControl "180+1"]
[Date "2021.07.20"]
[WhiteClock "0:00:08"]
[BlackClock "0:00:04"]

1. d4 Nf6 2. c4 g6 3. g3 Bg7 4. Bg2 O-O 5. Nc3 d6 6. Nf3 Nc6 7. O-O e5 8. dxe5 dxe5 9. Bg5 h6 10. Qxd8 Rxd8 11. Bxf6 Bxf6 12. Nd5 Kg7 13. Nxc7 Rb8 14. e4 Be7 15. Nd5 Bc5 16. a3 a5 17. Rfd1 a4 18. Nc3 Rxd1+ 19. Rxd1 Ra8 20. Rd5 Bd4 21. Nxd4 exd4 22. Nb5 Be6 23. Rd6 Na5 24. c5 Rc8 25. Nxd4 Rxc5 26. Nxe6+ fxe6 27. Rxe6 Rb5 28. e5 Rxb2 29. Be4 Nc4 30. Rxg6+ Kf7 31. Rxh6 b5 32. e6+ Ke7 33. Bd5 Nb6 34. Rh7+ Kd6 35. e7 Re2 36. Bf3 Rxe7 37. Rh6+ Re6 38. Rxe6+ Kxe6 39. Be2 Nc4 40. Bxc4+ bxc4 41. Kf1 Kd5 42. Ke2 Kd4 43. Kd2 c3+ 44. Kc2 Kc4 45. f4 1-0


[Site "https://www.chess.com"]

[Event "Titled Tuesday Blitz July 20 2021"]
[White "Le, Tuan Minh"]
[Black "Quparadze, Giga"]
[WhiteFideId "12401153"]
[BlackFideId "13602250"]
[WhiteElo "2450"]
[BlackElo "2658"]
[Result "1-0"]
[Round "11"]
[TimeControl "180+1"]
[Date "2021.07.20"]
[WhiteClock "0:00:13"]
[BlackClock "0:00:05"]

1. d4 Nf6 2. Nf3 e6 3. Bf4 c5 4. c3 b6 5. e3 Bb7 6. Nbd2 Nh5 7. Bg3 Nxg3 8. hxg3 d6 9. Bd3 g6 10. Qe2 Bg7 11. a4 Qc7 12. a5 Nd7 13. O-O O-O 14. Ba6 Bc6 15. Bb5 Nf6 16. Ra3 cxd4 17. cxd4 bxa5 18. Qc4 Rfc8 19. Rc1 Bxb5 20. Qxc7 Rxc7 21. Rxc7 a4 22. Rac3 Ba6 23. R7c6 Bb7 24. R6c4 Nd5 25. Rc1 Nb6 26. Rc7 Rb8 27. Ng5 Nd5 28. R7c4 h6 29. Nge4 Nb6 30. R4c2 Bf8 31. Ra1 Kg7 32. Nc3 Bc6 33. b3 axb3 34. Nxb3 Nc4 35. Nd2 Nxd2 36. Rxd2 Rb7 37. Rda2 Rb3 38. Ra3 Rb2 39. Rxa7 Rc2 40. R7a3 d5 41. Rb3 h5 42. Kf1 e5 43. Ne2 Bd7 44. dxe5 Bg4 45. Nd4 Rd2 46. f3 Bd7 47. Rb7 Bc8 48. Rc7 1-0


[Site "https://www.chess.com"]

[Event "Titled Tuesday Blitz July 20 2021"]
[White "Leitao, Rafael"]
[Black "Rustemov, Alexander"]
[WhiteFideId "2101246"]
[BlackFideId "4119002"]
[WhiteElo "2609"]
[BlackElo "2843"]
[Result "1-0"]
[Round "11"]
[TimeControl "180+1"]
[Date "2021.07.20"]
[WhiteClock "0:00:21"]
[BlackClock "0:00:18"]

1. c4 c5 2. g3 g6 3. Bg2 Bg7 4. Nc3 Nc6 5. Nf3 b6 6. O-O Bb7 7. e3 Bxc3 8. bxc3 d6 9. d3 Nf6 10. e4 h6 11. Nh4 Qc7 12. f4 O-O-O 13. Nf3 e6 14. a4 Na5 15. Rb1 Kb8 16. Re1 Nd7 17. e5 dxe5 18. fxe5 g5 19. h3 Rhg8 20. Qe2 Nf8 21. Rb5 Ng6 22. Be3 Nc6 23. Bf2 h5 24. a5 g4 25. hxg4 hxg4 26. axb6 axb6 27. Nh2 Ngxe5 28. Reb1 Nd7 29. Nxg4 f5 30. Nh2 f4 31. g4 Rg6 32. Qb2 Rdg8 33. Rxb6 Qxb6 34. Qxb6 Nxb6 35. Rxb6 Kc7 36. Rb5 Rxg4 37. Nxg4 Rxg4 38. Kf1 Rxg2 39. Kxg2 Nd4+ 40. Rxb7+ Kxb7 41. cxd4 1-0


[Site "https://www.chess.com"]

[Event "Titled Tuesday Blitz July 20 2021"]
[White "Luo, Terry"]
[Black "Shubenkova, Veronika"]
[WhiteFideId "30931045"]
[BlackFideId "44124040"]
[WhiteElo "2024"]
[BlackElo "1895"]
[Result "1-0"]
[Round "11"]
[TimeControl "180+1"]
[Date "2021.07.21"]
[WhiteClock "0:00:33"]
[BlackClock "0:01:23"]

1. d4 d5 2. c4 e6 3. Nf3 f5 4. Nc3 Nf6 5. g3 c6 6. Qc2 Bd6 7. Bg5 O-O 8. Bg2 Qe8 9. e3 Nbd7 10. O-O Ne4 11. Bf4 Bxf4 12. exf4 b6 13. b3 Ba6 14. Nd2 Rc8 15. Rfe1 Qf7 16. Bf1 Qf6 17. Ndxe4 fxe4 18. Qd2 Bb7 19. a4 Rfd8 20. a5 c5 21. a6 Ba8 22. Nb5 Nf8 23. Nxa7 Rc7 24. Nb5 Rf7 25. cxd5 Rxd5 26. Bc4 Rh5 27. dxc5 Qf5 28. Bf1 Rd7 29. Qe3 Rd3 30. Bxd3 exd3 31. f3 bxc5 32. Nc7 Bc6 33. a7 d2 34. Qxd2 Bxf3 35. a8=Q Bxa8 36. Rxa8 1-0


[Site "https://www.chess.com"]

[Event "Titled Tuesday Blitz July 20 2021"]
[White "Manzone, Alessandro"]
[Black "Ezat, Mohamed"]
[WhiteFideId "112488"]
[BlackFideId "10600906"]
[WhiteElo "2327"]
[BlackElo "2414"]
[Result "1-0"]
[Round "11"]
[TimeControl "180+1"]
[Date "2021.07.21"]
[WhiteClock "0:00:06"]
[BlackClock "0:00:03"]

1. d4 Nf6 2. c4 g6 3. Nc3 Bg7 4. g3 O-O 5. Bg2 d6 6. Nf3 Nc6 7. O-O Bg4 8. d5 Bxf3 9. exf3 Na5 10. Qe2 c5 11. f4 Nd7 12. Bd2 a6 13. Rfe1 Re8 14. Qd3 b5 15. cxb5 axb5 16. Nxb5 Bxb2 17. Rab1 Bf6 18. g4 c4 19. Qc2 Nc5 20. Bxa5 Qxa5 21. Qxc4 h6 22. Re2 Rec8 23. Nd4 Bxd4 24. Qxd4 Qa4 25. Rb4 Qa7 26. f5 Na6 27. Rc4 Rxc4 28. Qxc4 g5 29. h4 Nc5 30. Kh2 Kf8 31. Qd4 f6 32. f4 gxh4 33. g5 hxg5 34. fxg5 Qa4 35. Qe3 Qg4 36. Qxe7+ Kg8 37. gxf6 Rf8 38. Bh3 Qg3+ 39. Kh1 Qxh3+ 40. Kg1 Qg3+ 41. Rg2 Qxg2+ 42. Kxg2 Nd3 43. Qxd6 Ne1+ 44. Kh3 Nf3 45. Qe6+ Kh8 46. Kg4 1-0


[Site "https://www.chess.com"]

[Event "Titled Tuesday Blitz July 20 2021"]
[White "Marcziter, Dmitrii"]
[Black "Liu, Manli"]
[WhiteFideId "13900765"]
[BlackFideId "8608121"]
[WhiteElo "2155"]
[BlackElo "2061"]
[Result "0-1"]
[Round "11"]
[TimeControl "180+1"]
[Date "2021.07.21"]
[WhiteClock "0:00:16"]
[BlackClock "0:00:09"]

1. e4 e6 2. d4 d5 3. e5 c5 4. dxc5 Nc6 5. Nf3 Bxc5 6. Bd3 Nge7 7. Bf4 Qb6 8. O-O Ng6 9. Bg3 Qxb2 10. Nbd2 Qb6 11. c4 O-O 12. Rb1 Qd8 13. h4 dxc4 14. Bxc4 Na5 15. Be2 b6 16. h5 Ne7 17. Qc2 Bb7 18. Ng5 Nf5 19. Bf4 Qd4 20. g3 h6 21. Ngf3 Qd7 22. Ne4 Nd4 23. Nxd4 Qxd4 24. Bf3 Be7 25. Rfd1 Rac8 26. Qe2 Qc4 27. Qe1 Qa4 28. Bg2 Rc4 29. Nc3 Qa3 30. Bxb7 Nxb7 31. Nb5 Qxa2 32. Rd7 Bc5 33. Rxb7 Rc2 34. Be3 Bxe3 35. fxe3 Rg2+ 36. Kf1 Rh2 37. Rb2 Qxb2 38. Qd2 Qxd2 39. Kg1 Qg2# 0-1


[Site "https://www.chess.com"]

[Event "Titled Tuesday Blitz July 20 2021"]
[White "Martins, Igor Carvalho Ribeiro"]
[Black "Onufrienko, Vladislav"]
[WhiteFideId "2162962"]
[BlackFideId "13804332"]
[WhiteElo "2524"]
[BlackElo "1661"]
[Result "0-1"]
[Round "11"]
[TimeControl "180+1"]
[Date "2021.07.21"]
[WhiteClock "0:00:14"]
[BlackClock "0:00:52"]

1. Nf3 d5 2. d4 c6 3. c4 e6 4. Qc2 f5 5. g3 Nf6 6. Bg2 Bd6 7. O-O O-O 8. Nc3 Ne4 9. Rb1 a5 10. a3 b6 11. Bf4 Ba6 12. Bxd6 Qxd6 13. Ne5 Nd7 14. Nxe4 fxe4 15. Nxd7 Qxd7 16. b3 Qd6 17. Ra1 Rac8 18. Rfd1 e5 19. e3 exd4 20. Rxd4 Qf6 21. Rad1 Bb7 22. R4d2 Kh8 23. c5 b5 24. Qb2 Qe7 25. Qd4 Rf6 26. Ra1 Rcf8 27. b4 a4 28. Raa2 Bc8 29. Ra1 Qf7 30. Raa2 Qh5 31. h4 Bg4 32. Qc3 Bf3 33. Bxf3 Qxf3 34. Qc2 Qg4 35. Qd1 Rf3 36. Kg2 R8f6 37. Qh1 Qg6 38. Qh3 h5 39. Re2 Qf7 40. Rad2 Kh7 41. Kg1 R6f5 42. Kg2 Qf6 43. Rd4 Rxf2+ 0-1


[Site "https://www.chess.com"]

[Event "Titled Tuesday Blitz July 20 2021"]
[White "Mestnikov, Aisen"]
[Black "Mazi, Leon"]
[WhiteFideId "34130117"]
[BlackFideId "14600315"]
[WhiteElo "2027"]
[BlackElo "2333"]
[Result "1-0"]
[Round "11"]
[TimeControl "180+1"]
[Date "2021.07.21"]
[WhiteClock "0:01:13"]
[BlackClock "0:00:57"]

1. d4 d5 2. c4 dxc4 3. Nf3 Nf6 4. Nc3 Bg4 5. e4 e6 6. Bxc4 Nbd7 7. O-O Be7 8. h3 Bh5 9. Be3 c6 10. Qb3 Bxf3 11. gxf3 b5 12. Bd3 O-O 13. Rad1 Qc7 14. f4 Nh5 15. e5 Nb6 16. Qc2 g6 17. Nxb5 Qd7 18. Nc3 Nd5 19. Nxd5 cxd5 20. Rc1 Rac8 21. Qb3 f6 22. Qb5 Qxb5 23. Bxb5 Rb8 24. Bd7 Kf7 25. Rc6 Ng7 26. b3 Rfd8 27. Rc7 a5 28. Rfc1 Kf8 29. R1c6 1-0


[Site "https://www.chess.com"]

[Event "Titled Tuesday Blitz July 20 2021"]
[White "Mokshanov, Alexey"]
[Black "Babiy, Olga"]
[WhiteFideId "24121657"]
[BlackFideId "14117258"]
[WhiteElo "2262"]
[BlackElo "2230"]
[Result "1-0"]
[Round "11"]
[TimeControl "180+1"]
[Date "2021.07.21"]
[WhiteClock "0:01:49"]
[BlackClock "0:01:05"]

1. e4 d6 2. d4 Nf6 3. Nc3 e5 4. Nf3 Nbd7 5. Bc4 Be7 6. O-O O-O 7. a4 a6 8. Re1 b6 9. Ba2 c6 10. d5 c5 11. Bc4 Rb8 12. b3 Qc7 13. Qe2 Qb7 14. Rb1 Ne8 15. b4 Qa7 16. Be3 Nc7 17. a5 b5 18. Ba2 Qb7 19. bxc5 Nxc5 20. Bxc5 dxc5 21. Nxe5 Bf6 22. f4 Re8 23. d6 Ne6 24. Bd5 Qa7 25. Nc6 Qd7 26. Nxb8 Qxd6 27. e5 Qxb8 28. exf6 Bd7 29. Qg4 Qd8 30. Rxe6 1-0


[Site "https://www.chess.com"]

[Event "Titled Tuesday Blitz July 20 2021"]
[White "Molina, Roberto Junio Brito"]
[Black "Tologon tegin, Semetei"]
[WhiteFideId "2109450"]
[BlackFideId "13800574"]
[WhiteElo "2402"]
[BlackElo "2224"]
[Result "1/2-1/2"]
[Round "11"]
[TimeControl "180+1"]
[Date "2021.07.21"]
[WhiteClock "0:00:44"]
[BlackClock "0:00:15"]

1. d4 Nf6 2. c4 e6 3. Nf3 b6 4. g3 Bb7 5. Bg2 g6 6. Nc3 Bg7 7. Qc2 d5 8. cxd5 exd5 9. Bf4 c6 10. b4 O-O 11. O-O Nbd7 12. Rfd1 Re8 13. Rac1 Rc8 14. Qb3 Qe7 15. Bg5 h6 16. Bxf6 Bxf6 17. e3 Qe6 18. a4 Bg7 19. Ne1 h5 20. h4 Nf6 21. Nd3 Ng4 22. Nf4 Qd6 23. b5 Bh6 24. bxc6 Bxc6 25. Ncxd5 Bxf4 26. Nxf4 Bxg2 27. Kxg2 Rxc1 28. Rxc1 Qe7 29. Qd5 Nxf2 30. Rc6 Kg7 31. Qe5+ Qxe5 32. dxe5 Ng4 33. e6 Nxe3+ 34. Kf3 Nf5 35. Rc7 Nd4+ 36. Kg2 Nxe6 37. Nxe6+ Rxe6 38. Rxa7 Re2+ 39. Kf3 Ra2 40. Ra6 Ra3+ 41. Kg2 Ra2+ 42. Kf3 Ra1 43. Kf2 Ra3 44. Kg2 f6 45. Ra7+ Kh6 46. Ra6 Rb3 47. Kh3 Rb2 48. a5 bxa5 49. Rxa5 Re2 50. Ra7 g5 51. hxg5+ fxg5 52. Ra6+ Kg7 53. Rb6 Kf7 54. Rh6 Kg7 55. Rxh5 Kg6 56. Rh8 Re1 57. Kg4 Re4+ 58. Kf3 Ra4 59. Rg8+ Kf5 60. Rf8+ Kg6 61. Kg2 g4 62. Rf2 Kg5 63. Rb2 Ra5 64. Kf2 Rc5 65. Ra2 Rf5+ 66. Kg2 Re5 67. Rd2 Rf5 68. Kg1 Rf3 69. Kh2 Kf5 70. Kg2 Ke4 71. Rd8 Rd3 72. Re8+ Kf5 73. Rf8+ Kg5 74. Rg8+ Kf5 75. Rf8+ Kg6 76. Rg8+ Kh5 77. Kf2 Rf3+ 78. Kg2 Ra3 79. Rg7 Ra4 80. Kf2 Kh6 81. Re7 Kg5 82. Re5+ Kf6 83. Rb5 Ra2+ 84. Ke3 Ra4 85. Rc5 Kg6 86. Rd5 Kf6 87. Rd4 Rxd4 88. Kxd4 Kf5 89. Kd5 Kf6 90. Ke4 Kf7 91. Kf5 Kg7 92. Kg5 Kf7 93. Kh5 Kg7 94. Kh4 Kh7 95. Kg5 Kg7 96. Kxg4 Kg6 97. Kf4 Kf6 98. Ke4 Ke6 99. Ke3 Ke5 100. Kf3 Kf5 101. Ke2 Ke4 102. Kf2 Kf5 103. Kf3 Kg5 104. Kg2 Kg4 105. Kh2 Kg5 106. Kg1 Kg4 107. Kg2 Kg5 108. Kh3 Kh5 109. g4+ Kg5 110. Kg3 Kg6 111. Kg2 Kg5 112. Kf3 Kg6 113. Kf2 Kg5 114. Kg3 Kg6 115. Kh2 Kg5 116. Kh3 Kg6 117. Kh4 Kh6 118. g5+ Kg6 119. Kg4 Kg7 120. Kf5 Kf7 121. Ke5 Kg6 122. Kf4 Kg7 123. Kf3 Kf7 124. Kg4 Kg6 125. Kh4 Kg7 126. Kh3 Kg6 127. Kg4 Kg7 128. Kf5 Kf7 129. g6+ Kg7 130. Kg5 Kg8 131. Kf4 Kg7 132. Ke5 Kxg6 1/2-1/2


[Site "https://www.chess.com"]

[Event "Titled Tuesday Blitz July 20 2021"]
[White "Nakamura, Hikaru"]
[Black "Tin, Jingyao"]
[WhiteFideId "2016192"]
[BlackFideId "5804418"]
[WhiteElo "2900"]
[BlackElo "2374"]
[Result "1-0"]
[Round "11"]
[TimeControl "180+1"]
[Date "2021.07.20"]
[WhiteClock "0:01:03"]
[BlackClock "0:00:34"]

1. Nf3 d5 2. e3 Nf6 3. c4 c6 4. d4 e6 5. Bd3 Nbd7 6. Nbd2 Be7 7. O-O O-O 8. Qc2 b6 9. e4 dxe4 10. Nxe4 Bb7 11. Nxf6+ Nxf6 12. c5 bxc5 13. dxc5 Qd5 14. Be3 a5 15. Rfe1 Ba6 16. Bxa6 Rxa6 17. Bd4 Ra7 18. Rad1 Qxa2 19. Ne5 Rc8 20. Nc4 Rb8 21. Nb6 e5 22. Bxe5 Re8 23. Bxf6 gxf6 24. Ra1 1-0


[Site "https://www.chess.com"]

[Event "Titled Tuesday Blitz July 20 2021"]
[White "Nguyen, Hong Anh"]
[Black "Ljukin, Sergei"]
[WhiteFideId "12406732"]
[BlackFideId "14102200"]
[WhiteElo "1974"]
[BlackElo "2309"]
[Result "0-1"]
[Round "11"]
[TimeControl "180+1"]
[Date "2021.07.21"]
[WhiteClock "0:02:03"]
[BlackClock "0:01:41"]

1. d4 d5 2. c4 c6 3. Nf3 Nf6 4. Qc2 dxc4 5. Qxc4 b5 6. Qc2 Bb7 7. g3 e6 8. Bg2 Nbd7 9. O-O Rc8 10. Rd1 c5 11. dxc5 Bxc5 12. Qb3 a6 13. Nc3 Qb6 14. e3 O-O 15. Bd2 Rfd8 16. Rac1 h6 17. a3 Qa7 18. Qa2 Qa8 19. Ne1 Bxg2 20. Nxg2 Ne5 21. Ne1 h5 22. Ne2 h4 23. Bc3 Rxd1 24. Rxd1 Nf3+ 25. Nxf3 Qxf3 26. b4 h3 27. Kf1 Bxe3 0-1


[Site "https://www.chess.com"]

[Event "Titled Tuesday Blitz July 20 2021"]
[White "Nguyen, Hong Ngoc"]
[Black "Song, Michael"]
[WhiteFideId "12403083"]
[BlackFideId "2613190"]
[WhiteElo "1830"]
[BlackElo "2274"]
[Result "1-0"]
[Round "11"]
[TimeControl "180+1"]
[Date "2021.07.21"]
[WhiteClock "0:01:17"]
[BlackClock "0:00:59"]

1. e4 e5 2. Nf3 Nc6 3. Bb5 Nf6 4. O-O Nxe4 5. d4 Nd6 6. Bxc6 dxc6 7. dxe5 Nf5 8. Qxd8+ Kxd8 9. Nc3 Bd7 10. g4 Ne7 11. Ng5 Ke8 12. h3 h5 13. f3 Ng6 14. Re1 hxg4 15. hxg4 Bc5+ 16. Kg2 Ke7 17. Kg3 Rad8 18. Nce4 Bb6 19. b3 Be6 20. Nxe6 fxe6 21. Bg5+ Kf7 22. Bxd8 Rxd8 23. Rad1 Rxd1 24. Rxd1 Ke7 25. f4 1-0


[Site "https://www.chess.com"]

[Event "Titled Tuesday Blitz July 20 2021"]
[White "Ochedzan, Tymon"]
[Black "Porter, Ryan W"]
[WhiteFideId "21810389"]
[BlackFideId "2011239"]
[WhiteElo "2021"]
[BlackElo "2409"]
[Result "1-0"]
[Round "11"]
[TimeControl "180+1"]
[Date "2021.07.21"]
[WhiteClock "0:00:38"]
[BlackClock "0:00:01"]

1. e4 d6 2. d4 Nf6 3. Nc3 g6 4. f4 Bg7 5. Nf3 O-O 6. Bd3 Nc6 7. O-O e5 8. d5 Ne7 9. fxe5 dxe5 10. Nxe5 c6 11. dxc6 Qd4+ 12. Kh1 Qxe5 13. Bf4 Qc5 14. Be2 Qxc6 15. Bd6 Re8 16. Bb5 Qb6 17. Bxe8 Nxe8 18. Bxe7 Be6 19. Nd5 Qxb2 20. Rb1 Qxa2 21. Rxb7 a5 22. Nb6 Qb2 23. Nxa8 Qxb7 24. Qd8 Qd7 25. Rd1 Qxd8 26. Rxd8 f6 27. Rxe8+ Kf7 28. Nc7 Bd7 29. Ra8 Kxe7 30. Nd5+ Kd6 31. Rxa5 f5 32. exf5 Bxf5 33. Ne3 Be4 34. Nc4+ Ke6 35. Ra7 Bd4 36. Rxh7 Bxc2 37. Rc7 Bf5 38. Nd2 Kd6 39. Rb7 Be3 40. Nc4+ Kc6 41. Nxe3 Kxb7 42. Nxf5 gxf5 43. h4 1-0


[Site "https://www.chess.com"]

[Event "Titled Tuesday Blitz July 20 2021"]
[White "Odegov, Artem"]
[Black "volunteers1998"]
[WhiteFideId "34183644"]
[WhiteElo "2288"]
[BlackElo "2225"]
[Result "1-0"]
[Round "11"]
[TimeControl "180+1"]
[Date "2021.07.21"]
[WhiteClock "0:01:19"]
[BlackClock "0:00:01"]

1. d4 f5 2. h3 Nf6 3. g4 fxg4 4. hxg4 d5 5. g5 Ne4 6. Nf3 Nc6 7. c4 e6 8. Nc3 Bb4 9. Qc2 Bxc3+ 10. bxc3 O-O 11. Bg2 Bd7 12. Ba3 Rf5 13. cxd5 exd5 14. Bh3 Rf7 15. O-O-O g6 16. Rdf1 Bxh3 17. Rxh3 Nxg5 18. Rg3 Nxf3 19. exf3 Qf6 20. Kb1 Qf5 21. Rfg1 Qxc2+ 22. Kxc2 Re8 23. Kd3 Ne7 24. Rg5 Nf5 25. Bc1 b6 26. R1g4 c5 27. Bf4 c4+ 28. Kd2 Kf8 29. Be5 Ne7 30. f4 Nc6 31. Ke3 Nxe5 32. fxe5 Ke7 33. f4 Ref8 34. Rh4 Ke6 35. a4 a5 36. Rg1 Rg7 37. Rb1 Rb8 38. Rf1 Rf8 39. Rh6 Re8 40. f5+ 1-0


[Site "https://www.chess.com"]